 Dungeon Crawl Stone Soup version 0.23.2-40-g277498a001 (webtiles) character file.

Game seed: 4039509174347790300

3308 MisterOstroum the Skirmisher (level 9, -4/86 HPs)
             Began as a Deep Dwarf Gladiator on Sept 25, 2019.
             Was a Follower of Makhleb.
             Slain by Erica
             ... wielding a +2 scimitar of flaming
              (6 damage)
             ... on level 8 of the Dungeon.
             The game lasted 00:18:20 (7963 turns).

MisterOstroum the Skirmisher (Deep Dwarf Gladiator) Turns: 7963, Time: 00:18:20

Health: -4/86      AC:  7    Str: 20    XL:     9   Next: 70%
Magic:  7/7        EV: 19    Int: 10    God:    Makhleb [*.....]
Gold:   14         SH:  0    Dex: 14    Spells: 8/8 levels left

rFire    . . .     SeeInvis .   h - +0 spear (vamp)
rCold    . . .     Gourm    .   (no shield)
rNeg     . . .     Faith    .   w - +0 steam dragon scales
rPois    .         Spirit   .   c - +0 helmet
rElec    .         Reflect  .   (no cloak)
rCorr    +         Harm     .   (no gloves)
MR       +....                  (no boots)
Stlth    +.........             (no amulet)
HPRegen  0.00/turn              r - +3 ring of evasion
MPRegen  0.10/turn              q - ring of resist corrosion

@: lethally poisoned (-4 -> -4), non-regenerating, slowed, very slow
A: damage resistance, heal wounds, sense surroundings 2, no regeneration
a: Heal Wounds, Renounce Religion


You were on level 8 of the Dungeon.
You worshipped Makhleb.
Makhleb was aware of your devotion.
You were not hungry.

You visited 2 branches of the dungeon, and saw 10 of its levels.

You collected 14 gold pieces.

Inventory:

Hand Weapons
 h - a +0 vampiric spear (weapon)
Missiles
 d - 2 throwing nets {!f}
 l - 133 stones
 s - 2 tomahawks of returning (quivered)
Armour
 c - a +0 helmet (worn)
 i - a +0 ring mail
 w - +0 steam dragon scales (worn)
 C - a scarf of repulsion
Jewellery
 q - a ring of resist corrosion (right hand)
 r - a +3 ring of evasion (left hand)
Scrolls
 b - 3 scrolls of magic mapping {unknown}
 g - 2 scrolls of enchant armour {unknown}
 j - 3 scrolls of remove curse {@r2}
 k - a scroll of fog {unknown}
 u - 5 scrolls of identify {@r1}
 v - a scroll of torment {unknown}
 y - a scroll of fear {unknown}
 B - a scroll of immolation {unknown}
Potions
 f - 2 potions of curing {@q1 !q}
 n - 3 potions of resistance
 o - 3 potions of ambrosia
 x - a potion of invisibility
 A - a potion of mutation {unknown}
Comestibles
 a - 4 chunks of flesh
 e - 13 rations


   Skills:
 + Level 7.4 Fighting
   Level 5.2(6.7) Axes
 + Level 5.3(6.1) Polearms
 - Level 3.4 Throwing
 - Level 4.1 Armour
 + Level 7.1 Dodging
 - Level 5.0 Invocations


You had 8 spell levels left.
You didn't know any spells.
Your spell library contained the following spells:

 Spells                   Type           Power        Failure   Level  Hunger
 Shock                    Conj/Air       #...         36%         1    ##.....
 Swiftness                Chrm/Air       #.......     50%         2    ###....
 Static Discharge         Conj/Air       #.......     75%         3    ####...
 Airstrike                Air            #.........   98%         4    #####..
 Lightning Bolt           Conj/Air       #.........   100%        5    ######.


Dungeon Overview and Level Annotations

Branches:
Dungeon (9/15)             Temple (1/1) D:6
   Lair: D:8-11         Orc: D:9-12

Altars:
Ashenzari
Cheibriados
Dithmenos
Elyvilon
Fedhas
Gozag
Hepliaklqana
Kikubaaqudgha
Makhleb
Nemelex Xobeh
Okawaru
Qazlal
Ru
Sif Muna
Trog
Uskayaw
Vehumet
Wu Jian
Xom
Yredelemnul
Zin
The Shining One

Shops:
D:6 *   D:7 (

Annotations:
D:3 1 runed translucent door, exclusion: door, Crazy Yiuf
D:5 Grinder
D:6 exclusion: 2 wights
D:8 Erica
D:9 Maurice


Innate Abilities, Weirdness & Mutations

You are resistant to damage.
You can heal yourself by infusing magical energy.
You passively map the area around you.
You do not regenerate.


Message History

Erica burns you.
You completely miss Erica.
Erica is moderately wounded.
You closely miss Erica.
Erica is moderately wounded.
Erica hits you with a +2 scimitar of flaming.
Erica burns you.
You hit Erica.
Erica is heavily wounded.
Erica gestures at you while chanting. The orb of energy hits you!!
The orb of energy explodes!
You are too injured to fight recklessly!
You are too injured to fight recklessly!
You are too injured to fight recklessly!
You are too injured to fight recklessly!
You are too injured to fight recklessly!
You are too injured to fight recklessly!
You are too injured to fight recklessly!
You are too injured to fight recklessly!
You are too injured to fight recklessly!
You are too injured to fight recklessly!
You are too injured to fight recklessly!
You are too injured to fight recklessly!
You are too injured to fight recklessly!
You are too injured to fight recklessly!
You are too injured to fight recklessly!
You are too injured to fight recklessly!
You are too injured to fight recklessly!
You are too injured to fight recklessly!
You are too injured to fight recklessly!
You are too injured to fight recklessly!
You are too injured to fight recklessly!
You are too injured to fight recklessly!
You are too injured to fight recklessly!
You are too injured to fight recklessly!
You are too injured to fight recklessly!
You are too injured to fight recklessly!
You are too injured to fight recklessly!
You are too injured to fight recklessly!
You are too injured to fight recklessly!
You are too injured to fight recklessly!
You are too injured to fight recklessly!
You are too injured to fight recklessly!
You are too injured to fight recklessly!
You are too injured to fight recklessly!
You are too injured to fight recklessly!
You are too injured to fight recklessly!
You are too injured to fight recklessly!
You are too injured to fight recklessly!
You are too injured to fight recklessly!
You feel much better.
Erica casts a spell.
Erica flickers and vanishes!
Deactivating autopickup; reactivate with Ctrl-A.
You miss something. Something hits you! Something burns you.
You closely miss something. You hit something but do no damage.
Something barely misses you.
You completely miss something. Something hits you. Something burns you.
You barely miss something.
Some of the chunks of flesh in your inventory have rotted away.
You hit something but do no damage. Something barely misses you.
You closely miss something. Something closely misses you.
You hit something but do no damage. You hit something.
You feel better. Something closely misses you.
You puncture something! Something hits you. Something burns you.
You hit something. You barely miss something. Something barely misses you.
You hit something but do no damage.
You hear some strange, mumbled words.
An orb of energy appears from out of thin air!
The orb of energy hits you!!
* * * LOW HITPOINT WARNING * * *
The orb of energy explodes!
You hit something but do no damage. You closely miss something.
Something hits you but does no damage.
You miss something.
You hear some strange, mumbled words.
A bolt of poison appears from out of thin air!
The bolt of poison hits you!
You are poisoned.
* * * LOW HITPOINT WARNING * * *
You closely miss something. You hit something.
You feel better. Something closely misses you.
You miss something. Something barely misses you.
You hit something but do no damage. You hit something but do no damage.
You hear some strange, mumbled words.
Something tries to affect you, but you resist.
You hit something.
You feel better.
You hear some strange, mumbled words.
You feel yourself slow down.
You closely miss something. Something hits you.
* * * LOW HITPOINT WARNING * * *
Something burns you.
You closely miss something. Something hits you.
* * * LOW HITPOINT WARNING * * *
Something burns you.
* * * LOW HITPOINT WARNING * * *
You closely miss something. Something hits you!
You die...

.####.......###########..#######.
........................># #.
#######.########################.
.................................
#######.#....###################.
........#....# #...............#.
#####...########.#########...#.#.
...............{[..........#<#.#.
####.#.#########@#########.###.#.
.......#.......#...............#.
####.###.......#####........####.
, #.# #.........................
#, #.# #...>...#####......).#####
#.# #.......# #..####### *, #.#
#.......# #..#.#.### *#.#
#####.########.#.#.#ยง# * #.#
#..........).#.#'##


There were no monsters in sight!

Vanquished Creatures
  A troll (D:7)
  Sigmund (D:2)
  A spriggan (D:8)
  Grum (D:9)
  Edmund (D:5)
  Duvessa (D:4)
  A sky beast (D:6)
  2 ice beasts (D:5)
  2 black bears
  An orc warrior (D:7)
  A centaur (D:7)
  2 wolves (D:9)
  An ogre (D:9)
  3 bullfrogs
  Dowan (D:4)
  A gnoll sergeant (D:9)
  A wyvern skeleton (D:7)
  2 scorpions
  2 wights
  A howler monkey (D:7)
  7 crimson imps
  4 hounds
  An orc priest (D:4)
  2 bullfrog skeletons
  An iguana (D:3)
  2 orc wizards
  7 worker ants
  A hound zombie (D:7)
  A worker ant zombie (D:7)
  10 gnolls
  7 adders
  A shadow imp (D:7)
  An adder zombie (D:6)
  An adder skeleton (D:6)
  6 worms
  4 dart slugs
  5 leopard geckos
  17 orcs
  13 bats
  A giant cockroach (D:3)
  7 goblins
  16 hobgoblins
  8 jackals
  5 quokkas
  3 ball pythons
  5 frilled lizards
  2 kobolds (D:1)
  2 quokka zombies
  8 rats
175 creatures vanquished.

Vanquished Creatures (others)
  4 toadstools (D:1)
4 creatures vanquished.

Grand Total: 179 creatures vanquished

Notes
Turn   | Place    | Note
-------+----------+-------------------------------------------
     0 | D:1      | MisterOstroum the Deep Dwarf Gladiator began the quest for
                  | the Orb.
     0 | D:1      | Reached XP level 1. HP: 19/19 MP: 1/1
   167 | D:1      | Reached XP level 2. HP: 24/26 MP: 2/2
   610 | D:1      | Reached XP level 3. HP: 27/32 MP: 3/3
  1154 | D:2      | Reached XP level 4. HP: 10/40 MP: 3/3
  1155 | D:2      | HP: 1/40 [gnoll/+0 spear (2)]
  1169 | D:2      | Noticed Sigmund
  1177 | D:2      | Reached skill level 5 in Axes
  1178 | D:2      | Killed Sigmund
  1178 | D:2      | Reached XP level 5. HP: 49/51 MP: 3/3
  1376 | D:2      | Found a hide-covered altar of Uskayaw.
  1672 | D:2      | Reached skill level 5 in Fighting
  1672 | D:2      | Reached XP level 6. HP: 44/61 MP: 4/4
  2095 | D:3      | Reached skill level 1 in Armour
  2704 | D:3      | Found a runed translucent door.
  2705 | D:3      | Noticed Crazy Yiuf
  3080 | D:4      | Noticed Dowan
  3080 | D:4      | Noticed Duvessa
  3284 | D:4      | Reached XP level 7. HP: 44/67 MP: 5/5
  3407 | D:4      | You fall through a shaft for 3 floors!
  3416 | D:5      | Entered Level 5 of the Dungeon
  3465 | D:5      | Reached skill level 1 in Polearms
  3532 | D:5      | Noticed Edmund
  3574 | D:5      | Killed Edmund
  4117 | D:4      | Killed Duvessa
  4169 | D:4      | Killed Dowan
  4169 | D:4      | Reached XP level 8. HP: 41/76 MP: 6/6
  4773 | D:5      | Reached skill level 5 in Dodging
  4793 | D:5      | Noticed Grinder
  4832 | D:5      | Paralysed by Grinder for 5 turns
  4952 | D:6      | Found Fats's General Store.
  4992 | D:6      | Found a staircase to the Ecumenical Temple.
  5001 | Temple   | Entered the Ecumenical Temple
  5101 | Temple   | Became a worshipper of Makhleb the Destroyer
  5417 | D:6      | Reached skill level 1 in Invocations
  5899 | D:7      | Gained mutation: You passively map the area around you.
                  | [Deep Dwarf growth]
  5899 | D:7      | Reached XP level 9. HP: 68/85 MP: 9/9
  5906 | D:7      | Reached * piety under Makhleb
  6119 | D:7      | Found Uhu Dou's Weapon Emporium.
  6245 | D:7      | Noticed a troll
  6302 | D:7      | Killed a troll
  6808 | D:8      | Found a blossoming altar of Fedhas.
  7110 | D:8      | Noticed Erica
  7381 | D:9      | Noticed Maurice
  7631 | D:9      | Noticed Grum
  7643 | D:9      | Reached skill level 5 in Polearms
  7666 | D:9      | Killed Grum
  7718 | D:9      | Reached skill level 5 in Invocations
  7962 | D:8      | HP: 3/86 [something (4)]
  7963 | D:8      | Slain by Erica

Skill      XL: |  1  2  3  4  5  6  7  8  9 |
---------------+----------------------------+-----
Fighting       | 2 4 5 6 7 |  7.4
Axes           | 4 5 |  5.2
Armour         | 2 3 4 |  4.1
Polearms       | 2 4 5 |  5.3
Dodging        | 4 6 7 |  7.1
Throwing       | 2 3 |  3.4
Invocations    | 2 5 |  5.0

Action                   |  1- 3 |  4- 6 |  7- 9 || total
-------------------------+-------+-------+-------++-------
Melee: War axe           |    93 |   124 |       ||   217
       Spear             |       |    47 |   985 ||  1032
Throw: Stone             |    39 |   110 |    87 ||   236
       Throwing net      |     2 |     2 |       ||     4
       Javelin           |       |       |    77 ||    77
       Tomahawk          |       |       |     2 ||     2
 Abil: Heal Wounds       |     2 |     3 |    18 ||    23
  Use: Scroll            |       |     7 |     2 ||     9
       Potion            |       |       |     8 ||     8
 Stab: Sleeping          |     2 |       |       ||     2
       Held in net/web   |     1 |     1 |       ||     2
       Invisible         |       |       |     2 ||     2
  Eat: Chunk             |     1 |     6 |     9 ||    16
       Ration            |       |     2 |     2 ||     4
Armor: Leather armour    |    26 |    13 |       ||    39
       Ring mail         |       |    32 |    46 ||    78
       Steam dragon scal |       |       |    92 ||    92
Dodge: Dodged            |    58 |   113 |   633 ||   804
